 Dungeon Crawl Stone Soup version 0.30-a0-585-g93115170b9 (webtiles) character file.

Game seed: 593700429381422508

1786 PyroL the Changer (level 9, 0/51 (63) HPs)
             Began as an Octopode Transmuter on Jan 2, 2023.
             Was an Initiate of Gozag.
             Slain by a wight
             ... wielding a +5 mace
              (1 damage)
             ... on level 7 of the Dungeon.
             The game lasted 00:14:39 (7150 turns).

PyroL the Changer (Octopode Transmuter)             Turns: 7150, Time: 00:14:39

HP:   0/51 (63)     AC:  8    Str:  9    XL:     9   Next: 8%
MP:   10/12         EV: 11    Int: 25    God:    Gozag
Gold: 548           SH:  0    Dex: 13    Spells: 2/12 levels left

rFire   x . .      SeeInvis .      - Unarmed
rCold   + + +      Faith    .    (shield currently unavailable)
rNeg    . . .      Spirit   .    (helmet currently unavailable)
rPois   +          Reflect  .    (no amulet)
rElec   .          Harm     .    b - +6 ring of intelligence
rCorr   .          Rampage  .    w - ring of wizardry
Will    .....                    E - ring of protection from cold
Stlth   +                        (no ring)
HPRegen 0.28/turn                (no ring)
MPRegen 0.13/turn                (no ring)
                                 (no ring)
                                 (no ring)

@: ice-form, heavily drained
A: freezing attack, boosted hp, almost no armour, amphibious, 8 rings, large,
(camouflage 1), (gelatinous body 1), (nimble swimmer 1), (tentacles)
a: End Transformation, Renounce Religion, Potion Petition, Call Merchant, Bribe
Branch


You were on level 7 of the Dungeon.
You worshipped Gozag.
Gozag was pleased with you.
You were a creature of crystalline ice.
You visited 2 branches of the dungeon, and saw 9 of its levels.

You collected 600 gold pieces.
You paid 52 gold pieces to Gozag.

Inventory:

Missiles
 g - 2 throwing nets
 s - 16 poisoned darts
 y - 4 javelins
Armour
 o - a +0 buckler
Jewellery
 b - a +6 ring of intelligence (left front paw)
 l - a ring of flight
 w - a ring of wizardry (right front paw)
 E - a ring of protection from cold (on tentacle)
Wands
 e - a wand of iceblast (11)
 k - a wand of digging (6)
 v - a wand of flame (16)
Scrolls
 c - a scroll of enchant weapon {unknown}
 d - 2 scrolls of blinking {unknown}
 f - 2 scrolls of amnesia
 h - 3 scrolls of teleportation
 j - 2 scrolls of vulnerability
 p - a scroll of summoning
 q - a scroll of fog {unknown}
 r - a scroll of silence
 z - a scroll of poison {unknown}
 A - 2 scrolls of fear {unknown}
 D - 3 scrolls of immolation
 F - a scroll of magic mapping {unknown}
 G - 2 scrolls of noise {unknown}
Potions
 a - 3 potions of lignification
 i - 2 potions of brilliance
 m - 2 potions of cancellation
 n - 3 potions of ambrosia
 t - a potion of curing
 u - 3 potions of heal wounds
 x - a potion of mutation {unknown}
 B - a potion of degeneration {unknown}
 C - 2 potions of haste {unknown}


   Skills:
 + Level 1.1 Fighting
 - Level 3.0 Throwing
 - Level 5.0 Dodging
 - Level 5.5 Unarmed Combat
 - Level 2.0 Spellcasting
 + Level 6.6 Transmutations
 - Level 5.0 Ice Magic
 - Level 3.0 Poison Magic


You had 2 spell levels left.
You knew the following spells:

 Your Spells              Type           Power      Damage    Failure   Level
a - Beastly Appendage     Tmut           70%        N/A       1%          1
b - Wereblood             Tmut           35%        N/A       1%          2
c - Spider Form           Tmut/Pois      26%        N/A       1%          3
d - Ice Form              Ice/Tmut       31%        N/A       4%          4

Your spell library contained the following spells:

 Spells                   Type           Power      Damage    Failure   Level
 Freeze                   Ice            100%       1d10      1%          1
 Ensorcelled Hibernation  Hex/Ice        30%        N/A       2%          2
 Apportation              Tloc           4%         N/A       4%          1
 Magic Dart               Conj           8%         1d3       4%          1
 Necrotise                Necr           8%         1d4       4%          1
 Call Imp                 Summ           2%         N/A       7%          2
 Frozen Ramparts          Ice            54%        1d9       1%          3
 Hailstorm                Conj/Ice       15%        3d5       4%          3
 Mephitic Cloud           Conj/Pois/Air  7%         N/A       9%          3
 Vampiric Draining        Necr           2%         2d6       13%         3
 Alistair's Intoxication  Tmut/Pois      17%        N/A       16%         5
 Anguish                  Hex/Necr       1%         N/A       38%         4
 Agony                    Necr           2%         N/A       73%         5


Dungeon Overview and Level Annotations

Branches:
Dungeon (8/15)             Temple (1/1) D:5
   Lair: D:8-11

Altars:
Ashenzari
Cheibriados
Dithmenos
Elyvilon
Fedhas
Gozag
Hepliaklqana
Makhleb
Nemelex Xobeh
Okawaru
Qazlal
Ru
Trog
Uskayaw
Vehumet
Wu Jian
Xom
Yredelemnul
The Shining One


Innate Abilities, Weirdness & Mutations

You are a creature of crystalline ice.
You have a powerful freezing melee attack.
Your maximum health is increased.
Your armour is entirely melded.
You are incapable of wielding weapons or throwing items.
You cannot wear most types of armour.
You are amphibious.
You can wear up to eight rings at the same time.
((Your skin changes colour to match your surroundings (Stealth+).))
((Your rubbery body absorbs attacks. (AC +1, EV +1)))
((You are camouflaged when in or above water. (Stealth+)))
((You have tentacles for arms and can constrict up to eight enemies at once.))


Message History

The wight attacks as you move away!
The wight hits you with a +3 morningstar!
Things that are here:
a +0 robe; a +0 dagger The wight attacks as you move away!
The wight hits you with a +5 mace!
* * * LOW HITPOINT WARNING * * *
You feel drained. The wight attacks as you move away!
The wight closely misses you.
There is a stone staircase leading up here.
The wight hits you with a +3 morningstar!
* * * LOW HITPOINT WARNING * * *
You feel drained.
* * * LOW HITPOINT WARNING * * *
The wight hits you with a +5 mace.
* * * LOW HITPOINT WARNING * * *
You climb upwards.
There is a stone staircase leading down here.
You feel much better.
The wight hits you with a +3 morningstar.
* * * LOW HITPOINT WARNING * * *
You feel drained.
* * * LOW HITPOINT WARNING * * *
The wight barely misses you.
You are too injured to fight recklessly!
You hit the wight but do no damage. The wight barely misses you.
The wight hits you but does no damage.
You barely miss the wight. The wight closely misses you.
The wight hits you with a +5 mace!
* * * LOW HITPOINT WARNING * * *
You feel drained.
* * * LOW HITPOINT WARNING * * *
You hit the wight.
The wight is lightly damaged.
The wight hits you with a +3 morningstar!
* * * LOW HITPOINT WARNING * * *
The wight hits you with a +5 mace.
* * * LOW HITPOINT WARNING * * *
You feel drained.
You die...
Your body crumbles into a pile of gold.

.#..#......#..#....##............
.#..#..)...#..#....##............
.#..#......#..#....##.......#####
.#..#......#..##.#.#.#.#.####
.#..#......'..#..........# #
.#..##+#####..##.#.#.#.### #
.#............#.........# #
.#............##.#.#.#.##########
.##############zY............#...
...............#z#.#.#.#.....#...
................)............#...
..)............#.#.#[#.#.....####
####...#############.........# #.
#...# ######..### #. #####
##.#####. #.....#. #####.##


You could see 2 wights.

Vanquished Creatures
  A wyvern (D:7)
  A water moccasin (D:7)
  Duvessa (D:4)
  An ice beast (D:6)
  A centaur (D:6)
  A phantom (D:6)
  A bullfrog (D:3)
  2 necrophages
  A scorpion (D:4)
  A wight (D:8)
  Dowan (D:4)
  6 killer bees (D:7)
  2 hounds
  3 orc priests
  A jelly (D:6)
  4 iguanas
  4 orc wizards
  5 adders
  2 shadow imps
  3 white imps
  2 ufetubi
  A worm (D:2)
  4 dart slugs
  23 orcs
  3 bats
  10 endoplasms
  3 giant cockroaches
  7 hobgoblins
  8 kobolds
  5 quokkas
  5 ball pythons
  5 frilled lizards
  9 goblins
  2 rats
129 creatures vanquished.

Notes
Turn   | Place    | Note
-------+----------+-------------------------------------------
     0 | D:1      | PyroL the Octopode Transmuter began the quest for the Orb.
     0 | D:1      | Reached XP level 1. HP: 13/13 MP: 3/3
    36 | D:1      | Reached skill level 1 in Poison Magic
    52 | D:1      | Reached XP level 2. HP: 18/18 MP: 3/5
   249 | D:1      | Reached XP level 3. HP: 23/23 MP: 4/6
   279 | D:1      | Learned a level 2 spell: Wereblood
   449 | D:1      | Reached skill level 3 in Transmutations
  1285 | D:2      | Reached XP level 4. HP: 28/28 MP: 5/7
  1532 | D:3      | Learned a level 3 spell: Spider Form
  1815 | D:3      | Noticed a bullfrog
  1826 | D:3      | Killed a bullfrog
  1827 | D:3      | Reached skill level 4 in Transmutations
  1827 | D:3      | Reached XP level 5. HP: 19/33 MP: 2/8
  2033 | D:4      | Noticed Dowan
  2081 | D:4      | Noticed Duvessa
  2110 | D:4      | Reached skill level 5 in Transmutations
  2395 | D:4      | Reached XP level 6. HP: 28/38 MP: 5/9
  2668 | D:4      | Reached skill level 6 in Transmutations
  3109 | D:5      | Entered Level 5 of the Dungeon
  3502 | D:5      | Reached XP level 7. HP: 43/43 MP: 7/10
  3574 | D:5      | Reached skill level 1 in Ice Magic
  3709 | D:5      | Found a staircase to the Ecumenical Temple.
  3715 | Temple   | Entered the Ecumenical Temple
  3813 | Temple   | Became a worshipper of Gozag Ym Sagoz the Greedy
  3906 | D:4      | Killed Duvessa
  3915 | D:4      | Killed Dowan
  4615 | D:6      | Learned a level 4 spell: Ice Form
  4707 | D:6      | Reached XP level 8. HP: 43/48 MP: 6/11
  4962 | D:6      | Reached skill level 5 in Unarmed Combat
  5753 | D:6      | Found a bloodstained altar of Trog.
  5924 | D:7      | Noticed a wyvern
  5980 | D:7      | Killed a wyvern
  5981 | D:7      | Reached skill level 1 in Throwing
  6478 | D:7      | Reached skill level 5 in Ice Magic
  6620 | D:7      | Reached XP level 9. HP: 53/53 MP: 7/12
  7094 | D:8      | Reached skill level 5 in Dodging
  7150 | D:7      | HP: 1/54 [wight/+5 mace (5)]
  7150 | D:7      | Slain by a wight

Illustrated notes

Levels and vault maps discovered:
D:1:      lightli_arrival_quake, layout_basic, hex_intersection
D:2:      layout_basic
D:3:      layout_basic, fountainhead
D:4:      layout_basic, serial_rivers, chequers_serial_rivers_room_b,
          chequers_serial_rivers_small_a, chequers_serial_rivers_large_b,
          chequers_serial_rivers_small_3, uniq_duvessa
D:5:      layout_rooms, temple_statues
D:6:      layout_layer_cave, nicolae_overflow_hidden_temple, minmay_pentangle
D:7:      layout_basic, st_stairs_9
D:8:      minmay_polygon_palace, layout_rooms, erik_lair_orcish_takeover
Temple:   compressed_dpeg_circular_temple

Skill      XL: |  1  2  3  4  5  6  7  8  9 |
---------------+----------------------------+-----
Poison Magic   | 1 2 3 |  3.0
Transmutations | 3 4 5 6 |  6.6
Ice Magic      | 3 5 |  5.0
Unarmed Combat | 4 5 |  5.5
Throwing       | 3 |  3.0
Dodging        | 4 5 |  5.0
Fighting       | |  1.1
Spellcasting   | |  2.0

Action                   |  1- 3 |  4- 6 |  7- 9 || total
-------------------------+-------+-------+-------++-------
Melee: Unarmed           |    86 |   132 |   200 ||   418
       Kick              |    27 |    10 |       ||    37
       Constrict         |    20 |     8 |       ||    28
       Tentacles         |    13 |     7 |       ||    20
       Punch             |     1 |     1 |       ||     2
 Fire: Sling             |       |     4 |       ||     4
 Cast: Beastly Appendage |    21 |    17 |     1 ||    39
       Spider Form       |       |    10 |    16 ||    26
       Wereblood         |       |     2 |    10 ||    12
       Ice Form          |       |       |    10 ||    10
  Use: Scroll            |       |     5 |     5 ||    10
       Potion            |       |     2 |     2 ||     4
 Stab: Sleeping          |     5 |     2 |       ||     7
Armor: Skin              |     3 |    10 |    38 ||    51
Dodge: Dodged            |    45 |   112 |   132 ||   289

Table legend: (Time is in decaauts)
 A = Elapsed time spent in this place.
 B = Non-inter-level travel time spent in this place.
 C = Inter-level travel time spent in this place.
 D = Time resting spent in this place.
 E = Time spent auto-exploring this place.
 F = Levels seen in this place.
 G = Mean time per level.
                   A        B        C        D        E       F      G
               +--------+--------+--------+--------+--------+-----+--------+
         Total |   7120 |   6918 |    202 |    887 |   4653 |   9 |  791.1 |
       Dungeon |   7011 |   6818 |    193 |    887 |   4596 |   8 |  876.4 |
        Temple |    108 |     99 |      9 |      0 |     57 |   1 |  108.0 |
               +--------+--------+--------+--------+--------+-----+--------+

Top non-repeatable levels by time:
     D:6: 1753 daAuts
     D:4: 1644 daAuts
     D:7: 880 daAuts
     D:2: 806 daAuts
     D:5: 649 daAuts
     D:3: 636 daAuts
     D:1: 593 daAuts
  Temple: 108 daAuts
     D:8: 46 daAuts
